EL
SPRINGFIELD CARDINALS @ MOBILE BAYBEARS
09/18/2045
 
TOP OF THE 1ST
Springfield Cardinals batting - Pitching for Mobile BayBears : RHP Zach Wahlin
Pitching: RHP Zach Wahlin
Batting: RHB Tim Nettles 0-0: Ball
1-0: Ball
2-0: Foul Ball, location: 2F
2-1: Ball
3-1: Base on Balls
Batting: RHB John Parra 0-0: Swinging Strike
0-1: SINGLE (Groundball, 56D, EV 101.2 MPH)
Tim Nettles to second
Batting: LHB Tim Olsen 0-0: Ball
Tim Nettles steals 3rd base
1-0: Ball
2-0: Called Strike
2-1: Called Strike
2-2: Fly out, F9 (Flyball, 9LM, EV 89.4 MPH)
Batting: RHB Jason Keller 0-0: Ball
1-0: SINGLE (Line Drive, 4M, EV 99.4 MPH)
Tim Nettles scores
John Parra to second
Runner from 2nd tries for 3rd, SAFE, throw by CF made to third
Batting: RHB Dave Cluster 0-0: Ball
1-0: Called Strike
Jason Keller is caught stealing 2nd base 2-4
1-1: Fly out, F7 (Flyball, 7D, EV 75.6 MPH)
Top of the 1st over - 1 run, 2 hits, 0 errors, 1 left on base; Springfield 1 - Mobile 0
BOTTOM OF THE 1ST
Mobile BayBears batting - Pitching for Springfield Cardinals : LHP Drew Roemer
Pitching: LHP Drew Roemer
Batting: RHB Scott Carr 0-0: Ball
1-0: Swinging Strike
1-1: Ball
2-1: SINGLE (Flyball, 7S, EV 95.6 MPH)
Batting: LHB Bobby Arevalo 0-0: Foul Ball, location: 2F
0-1: Ball
1-1: Foul Ball, location: 2F
1-2: 2-RUN HOME RUN (Flyball, 9LD, EV 95.6 MPH), Distance : 372 ft
Batting: RHB Toichiro Fujimoto 0-0: Ball
1-0: Called Strike
1-1: Called Strike
1-2: Fly out, F9 (Flyball, 9S, EV 85.0 MPH)
Batting: RHB Shane Smith 0-0: Swinging Strike
0-1: Ball
1-1: Swinging Strike
1-2: Ball
2-2: Foul Ball, location: 2F
2-2: Strikes out swinging
Batting: RHB Andy Schuett 0-0: Ball
1-0: Ball
2-0: SINGLE (Groundball, 6M, EV 90.0 MPH) (infield hit)
Batting: RHB Casey Stripling 0-0: Ball
1-0: Ball
2-0: Called Strike
2-1: Foul Ball, location: 2F
2-2: Ball
3-2: Strikes out swinging
Bottom of the 1st over - 2 runs, 3 hits, 0 errors, 1 left on base; Springfield 1 - Mobile 2
TOP OF THE 2ND
Springfield Cardinals batting - Pitching for Mobile BayBears : RHP Zach Wahlin
Batting: RHB Danny Gallo 0-0: Ball
1-0: Foul Ball, location: 2F
1-1: Ball
2-1: Foul Ball, location: 2F
2-2: DOUBLE (Flyball, 8LXD, EV 94.4 MPH)
Batting: RHB Joe Alley 0-0: Called Strike
0-1: Ball
1-1: Called Strike
1-2: Strikes out swinging
Batting: RHB Daniel Samano 0-0: SINGLE (Line Drive, 9S, EV 93.8 MPH)
Danny Gallo to third
Batting: RHB Justin Reich 0-0: Called Strike
Daniel Samano steals 2nd base
0-1: Foul Ball, location: 2F
0-2: Foul Ball, location: 2F
0-2: Ball
1-2: Ball
2-2: Strikes out swinging
Batting: RHB Tim Nettles 0-0: Swinging Strike
0-1: Ball
1-1: SINGLE (Line Drive, 6MD, EV 109.4 MPH)
Danny Gallo scores
Daniel Samano to third
Runner from 3rd tries for Home, SAFE, throw by CF to home
Batting: RHB John Parra 0-0: Ball
Tim Nettles steals 2nd base (no throw)
1-0: Ball
2-0: Called Strike
2-1: Foul Ball, location: 2F
2-2: SINGLE (Groundball, 56D, EV 97.5 MPH)
Tim Nettles to third
Runner from 3rd tries for Home, SAFE, throw by LF to home
Batting: LHB Tim Olsen 0-0: Called Strike
John Parra steals 2nd base (no throw)
0-1: Swinging Strike
0-2: Foul Ball, location: 2F
0-2: DOUBLE (Flyball, 78D, EV 101.9 MPH)
John Parra scores
Batting: RHB Jason Keller 0-0: Called Strike
0-1: Swinging Strike
0-2: Ball
1-2: Strikes out swinging
Top of the 2nd over - 4 runs, 5 hits, 0 errors, 1 left on base; Springfield 5 - Mobile 2
BOTTOM OF THE 2ND
Mobile BayBears batting - Pitching for Springfield Cardinals : LHP Drew Roemer
Batting: LHB Josh Gottlieb 0-0: Called Strike
0-1: Foul Ball, location: 2F
0-2: Ball
1-2: Ball
2-2: Ball
3-2: Foul Ball, location: 2F
3-2: Base on Balls
Batting: LHB Josh Kirk 0-0: Ball
1-0: Ball
2-0: Foul Ball, location: 2F
2-1: Ball
3-1: Fielders Choice at 2nd, 1-6 (Groundball, 13S, EV 72.5 MPH)
Batting: LHB J.D. Onorati 0-0: Foul Ball, location: 2F
0-1: Ball
Josh Kirk steals 2nd base
1-1: Called Strike
Josh Kirk steals 3rd base
1-2: Strikes out swinging
Batting: RHB Scott Carr 0-0: Ball
1-0: SINGLE (Line Drive, 3D, EV 93.8 MPH)
Josh Kirk scores
Batting: LHB Bobby Arevalo 0-0: Ball
1-0: SINGLE (Groundball, 34S, EV 88.1 MPH) (infield hit)
Scott Carr to second
Batting: RHB Toichiro Fujimoto 0-0: Foul Ball, location: 2F
0-1: SINGLE (Groundball, P, EV 94.4 MPH) (infield hit)
Scott Carr to third
Bobby Arevalo to second
Batting: RHB Shane Smith 0-0: Foul Ball, location: 2F
0-1: Swinging Strike
0-2: Ground out 5-3 (Groundball, 56S, EV 85.0 MPH)
Bottom of the 2nd over - 1 run, 3 hits, 0 errors, 3 left on base; Springfield 5 - Mobile 3
TOP OF THE 3RD
Springfield Cardinals batting - Pitching for Mobile BayBears : RHP Zach Wahlin
Batting: RHB Dave Cluster 0-0: Swinging Strike
0-1: Swinging Strike
0-2: Ball
1-2: Foul Ball, location: 2F
1-2: SINGLE (Groundball, 34D, EV 98.1 MPH)
Pitching: RHP Jeremy Dobrowolski
Batting: RHB Danny Gallo 0-0: Ball
1-0: Foul Ball, location: 2F
1-1: SINGLE (Line Drive, 9S, EV 86.2 MPH)
Dave Cluster to second
Runner from 2nd tries for 3rd, SAFE, throw by RF made to third
Batting: RHB Joe Alley 0-0: Called Strike
0-1: Ball
1-1: Ball
2-1: Fly out, F8 (Line Drive, 8LM, EV 96.2 MPH)
Runner from 3rd tags up, SCORES, throw by CF
Batting: RHB Daniel Samano 0-0: Swinging Strike
Pickoff Throw to First - Out! 1-3
0-1: Fly out, F7 (Flyball, 7LM, EV 83.1 MPH)
Top of the 3rd over - 1 run, 2 hits, 0 errors, 0 left on base; Springfield 6 - Mobile 3
BOTTOM OF THE 3RD
Mobile BayBears batting - Pitching for Springfield Cardinals : LHP Drew Roemer
Batting: RHB Andy Schuett 0-0: Called Strike
0-1: Foul Ball, location: 2F
0-2: Ground out 6-3 (Groundball, 6M, EV 87.5 MPH)
Batting: RHB Casey Stripling 0-0: Called Strike
0-1: Fly out, F7 (Line Drive, 7D, EV 88.1 MPH)
Batting: LHB Josh Gottlieb 0-0: Ball
1-0: Ball
2-0: Ball
3-0: Base on Balls
Batting: LHB Josh Kirk 0-0: Ball
Josh Gottlieb steals 2nd base
1-0: Ball
2-0: Ground out 5-3 (Groundball, 5S, EV 71.2 MPH)
Bottom of the 3rd over - 0 runs, 0 hits, 0 errors, 1 left on base; Springfield 6 - Mobile 3
TOP OF THE 4TH
Springfield Cardinals batting - Pitching for Mobile BayBears : RHP Jeremy Dobrowolski
Batting: RHB Justin Reich 0-0: Ball
1-0: Foul Ball, location: 2F
1-1: Ball
2-1: Foul Ball, location: 2F
2-2: Fly out, F9 (Flyball, 9, EV 75.0 MPH)
Batting: RHB Tim Nettles 0-0: Ball
1-0: Ball
2-0: Ball
3-0: Base on Balls
Batting: RHB John Parra 0-0: Called Strike
Tim Nettles steals 2nd base
0-1: Fly out, F3 (Flyball, 3D, EV 88.1 MPH)
Batting: LHB Tim Olsen 0-0: Foul Ball, location: 2F
0-1: Foul Ball, location: 2F
0-2: Ball
1-2: Strikes out swinging
Top of the 4th over - 0 runs, 0 hits, 0 errors, 1 left on base; Springfield 6 - Mobile 3
BOTTOM OF THE 4TH
Mobile BayBears batting - Pitching for Springfield Cardinals : LHP Drew Roemer
Batting: LHB J.D. Onorati 0-0: Ball
1-0: Swinging Strike
1-1: Ball
2-1: Ground out 1-3 (Groundball, P, EV 71.9 MPH)
Batting: RHB Scott Carr 0-0: Swinging Strike
0-1: Ball
1-1: Ball
2-1: Foul Ball, location: 2F
2-2: Ground out 6-3 (Groundball, 6S, EV 79.4 MPH)
Batting: LHB Bobby Arevalo 0-0: Foul Ball, location: 2F
0-1: Ball
1-1: Ball
2-1: Foul Ball, location: 2F
2-2: Fly out, F9 (Line Drive, 9, EV 96.2 MPH)
Bottom of the 4th over - 0 runs, 0 hits, 0 errors, 0 left on base; Springfield 6 - Mobile 3
TOP OF THE 5TH
Springfield Cardinals batting - Pitching for Mobile BayBears : RHP Jeremy Dobrowolski
Batting: RHB Jason Keller 0-0: Called Strike
0-1: Fly out, F9 (Flyball, 89D, EV 102.5 MPH)
Batting: RHB Dave Cluster 0-0: Called Strike
0-1: Foul Ball, location: 2F
0-2: Foul Ball, location: 2F
0-2: Ball
1-2: Foul Ball, location: 2F
1-2: SINGLE (Groundball, 6M, EV 88.8 MPH) (infield hit)
Batting: RHB Danny Gallo 0-0: Ball
1-0: Called Strike
1-1: Ball
2-1: Ball
3-1: Called Strike
3-2: Base on Balls
Dave Cluster to second
Batting: RHB Joe Alley 0-0: Ball
1-0: Fly out, F7 (Flyball, 7LM, EV 80.0 MPH)
Batting: RHB Daniel Samano 0-0: Ball
1-0: Ball
2-0: Ball
3-0: Called Strike
3-1: Called Strike
3-2: Fly out, F9 (Flyball, 89D, EV 93.8 MPH)
Top of the 5th over - 0 runs, 1 hit, 0 errors, 2 left on base; Springfield 6 - Mobile 3
BOTTOM OF THE 5TH
Mobile BayBears batting - Pitching for Springfield Cardinals : LHP Drew Roemer
Batting: RHB Toichiro Fujimoto 0-0: Foul Ball, location: 2F
0-1: Ball
1-1: Ball
2-1: Foul Ball, location: 2F
2-2: Ball
3-2: Fly out, F8 (Flyball, 8LM, EV 73.8 MPH)
Batting: RHB Shane Smith 0-0: Ball
1-0: Called Strike
1-1: Foul Ball, location: 2F
1-2: Ball
2-2: Strikes out swinging
Batting: RHB Andy Schuett 0-0: Called Strike
0-1: Called Strike
0-2: Ground out 5-3 (Groundball, 56, EV 83.8 MPH)
Bottom of the 5th over - 0 runs, 0 hits, 0 errors, 0 left on base; Springfield 6 - Mobile 3
TOP OF THE 6TH
Springfield Cardinals batting - Pitching for Mobile BayBears : RHP Jeremy Dobrowolski
Batting: RHB Justin Reich 0-0: Called Strike
0-1: Ground out 6-3 (Groundball, 6MS, EV 66.2 MPH)
Batting: RHB Tim Nettles 0-0: Called Strike
0-1: Swinging Strike
0-2: SINGLE (Groundball, 3D, EV 98.8 MPH)
Pitching: LHP Danny Kessel
Batting: RHB John Parra 0-0: Ball
Tim Nettles steals 2nd base
1-0: Foul Ball, location: 2F
1-1: Foul Ball, location: 2F
1-2: Strikes out swinging
Batting: LHB Tim Olsen 0-0: Ball
1-0: Ball
2-0: Called Strike
2-1: Foul Ball, location: 2F
2-2: Foul Ball, location: 2F
2-2: Ground out 4-3 (Groundball, 4, EV 98.8 MPH)
Top of the 6th over - 0 runs, 1 hit, 0 errors, 1 left on base; Springfield 6 - Mobile 3
BOTTOM OF THE 6TH
Mobile BayBears batting - Pitching for Springfield Cardinals : LHP Drew Roemer
Batting: RHB Casey Stripling 0-0: Foul Ball, location: 2F
0-1: Ball
1-1: Called Strike
1-2: Ground out 5-3 (Groundball, 5, EV 88.1 MPH)
Batting: LHB Josh Gottlieb 0-0: Called Strike
0-1: Fly out, F6 (Popup, 6D, EV 70.6 MPH)
Batting: LHB Josh Kirk 0-0: Ball
1-0: SINGLE (Groundball, 34D, EV 95.0 MPH)
Batting: LHB J.D. Onorati 0-0: Ball
1-0: Called Strike
1-1: Called Strike
1-2: Foul Ball, location: 2F
1-2: Ball
Josh Kirk is caught stealing 2nd base 2-6
Bottom of the 6th over - 0 runs, 1 hit, 0 errors, 0 left on base; Springfield 6 - Mobile 3
TOP OF THE 7TH
Springfield Cardinals batting - Pitching for Mobile BayBears : LHP Danny Kessel
Pitching: RHP Mike Fritz
Batting: RHB Jason Keller 0-0: Called Strike
0-1: Ball
1-1: Fly out, F8 (Flyball, 8LM, EV 77.5 MPH)
Batting: RHB Dave Cluster 0-0: Ball
1-0: Ball
2-0: Ball
3-0: Called Strike
3-1: Base on Balls
Batting: RHB Danny Gallo 0-0: Ball
1-0: Called Strike
1-1: Ball
Dave Cluster steals 2nd base
2-1: Called Strike
2-2: Foul Ball, location: 2F
2-2: Foul Ball, location: 2F
2-2: Ball
3-2: Fly out, F8 (Flyball, 8LS, EV 91.2 MPH)
Batting: RHB Joe Alley 0-0: Called Strike
0-1: Swinging Strike
0-2: Ball
1-2: SINGLE (Line Drive, 78S, EV 113.1 MPH)
Dave Cluster to third
Runner from 3rd tries for Home, SAFE, throw by LF to home
Batting: RHB Daniel Samano 0-0: Called Strike
0-1: Fielders Choice at 2nd, 6-4 (Groundball, 6, EV 90.0 MPH)
Top of the 7th over - 1 run, 1 hit, 0 errors, 1 left on base; Springfield 7 - Mobile 3
BOTTOM OF THE 7TH
Mobile BayBears batting - Pitching for Springfield Cardinals : LHP Drew Roemer
Pitching: LHP Kai Klindt
Batting: LHB J.D. Onorati 0-0: Ball
1-0: Swinging Strike
1-1: Fly out, F7 (Flyball, 78D, EV 101.2 MPH)
Batting: RHB Scott Carr 0-0: Ball
1-0: Called Strike
1-1: Ball
2-1: Called Strike
2-2: Strikes out looking
Batting: LHB Bobby Arevalo 0-0: Called Strike
0-1: Ball
1-1: Called Strike
1-2: Ball
2-2: Strikes out swinging
Bottom of the 7th over - 0 runs, 0 hits, 0 errors, 0 left on base; Springfield 7 - Mobile 3
TOP OF THE 8TH
Springfield Cardinals batting - Pitching for Mobile BayBears : RHP Mike Fritz
Pitching: RHP Rich Garces
Batting: RHB Justin Reich 0-0: Ball
1-0: Ground out 2-3 (Groundball, 2R, EV 69.4 MPH)
Batting: RHB Tim Nettles 0-0: Ball
1-0: Called Strike
1-1: SOLO HOME RUN (Flyball, 9LD, EV 88.8 MPH), Distance : 334 ft
Batting: RHB John Parra 0-0: Foul Ball, location: 2F
0-1: Swinging Strike
0-2: Ball
1-2: Ball
2-2: Ground out 5-3 (Groundball, 56, EV 88.8 MPH)
Batting: LHB Tim Olsen 0-0: Swinging Strike
0-1: Foul Ball, location: 2F
0-2: Ball
1-2: Ball
2-2: Strikes out swinging
Top of the 8th over - 1 run, 1 hit, 0 errors, 0 left on base; Springfield 8 - Mobile 3
BOTTOM OF THE 8TH
Mobile BayBears batting - Pitching for Springfield Cardinals : LHP Kai Klindt
Batting: RHB Toichiro Fujimoto 0-0: Ball
1-0: Ball
2-0: Called Strike
2-1: Ball
3-1: Fly out, F7 (Flyball, 78M, EV 95.0 MPH)
Batting: RHB Shane Smith 0-0: Swinging Strike
0-1: Swinging Strike
0-2: Foul Ball, location: 2F
0-2: Strikes out swinging
Batting: RHB Andy Schuett 0-0: Ball
1-0: Ball
2-0: Called Strike
2-1: Ball
3-1: Called Strike
3-2: Foul Ball, location: 2F
3-2: Base on Balls
Pitching: RHP El-Shamy Saami
Batting: RHB Casey Stripling 0-0: Ball
1-0: Ball
2-0: Swinging Strike
2-1: Ball
3-1: Base on Balls
Andy Schuett to second
Batting: LHB Josh Gottlieb 0-0: Ball
1-0: Foul Ball, location: 2F
1-1: Ball
2-1: Fly out, F8 (Line Drive, 8LM, EV 108.1 MPH)
Bottom of the 8th over - 0 runs, 0 hits, 0 errors, 2 left on base; Springfield 8 - Mobile 3
TOP OF THE 9TH
Springfield Cardinals batting - Pitching for Mobile BayBears : RHP Rich Garces
Batting: RHB Jason Keller 0-0: Ball
1-0: Fly out, F8 (Flyball, 8RM, EV 93.8 MPH)
Pitching: RHP Mike Robertson
Batting: RHB Dave Cluster 0-0: Ball
1-0: Called Strike
1-1: Fly out, F8 (Flyball, 8LXD, EV 106.2 MPH)
Batting: RHB Danny Gallo 0-0: Ball
1-0: Foul Ball, location: 2F
1-1: Foul Ball, location: 2F
1-2: Ball
2-2: Strikes out swinging
Top of the 9th over - 0 runs, 0 hits, 0 errors, 0 left on base; Springfield 8 - Mobile 3
BOTTOM OF THE 9TH
Mobile BayBears batting - Pitching for Springfield Cardinals : RHP El-Shamy Saami
Batting: LHB Josh Kirk 0-0: Called Strike
0-1: SINGLE (Groundball, 6M, EV 105.0 MPH)
Batting: LHB J.D. Onorati 0-0: Ball
1-0: Called Strike
1-1: Foul Ball, location: 2F
1-2: Ball
2-2: Strikes out swinging
Pinch Hitting: RHB Dave Vargas 0-0: Foul Ball, location: 2F
0-1: Called Strike
0-2: Strikes out swinging
Batting: LHB Bobby Arevalo 0-0: Called Strike
0-1: Ball
1-1: Ball
2-1: Fly out, F3 (Popup, 3SF, EV 86.9 MPH)
Bottom of the 9th over - 0 runs, 1 hit, 0 errors, 1 left on base; Springfield 8 - Mobile 3
Wednesday, June 22nd , 2022 - OOTP Baseball 23.4 Build 64